 Dungeon Crawl Stone Soup version 0.19.3 (webtiles) character file.

7329 Lahna the Cruncher (level 11, -3/126 HPs)
             Began as a Formicid Fighter on Jan 23, 2017.
             Was an Elder of Qazlal.
             Slain by a porcupine (6 damage)
             ... on level 10 of the Dungeon.
             The game lasted 00:17:26 (7389 turns).

Lahna the Cruncher (Formicid Fighter)               Turns: 7389, Time: 00:17:28

Health: -3/126     AC: 25    Str: 24    XL:     11   Next: 35%
Magic:  8/14       EV:  2    Int:  8    God:    Qazlal [****..]
Gold:   643        SH: 16    Dex: 10    Spells: 0 memorised, 10 levels left

rFire  . . .     SeeInvis .     z - +2 quarterstaff (chaos)
rCold  + . .     Gourm    .     (armour currently unavailable)
rNeg   + + +     Faith    .     c - +0 shield
rPois  +         Spirit   .     (helmet unavailable)
rElec  .         Reflect  +     (cloak currently unavailable)
rCorr  .         Harm     .     (gloves currently unavailable)
MR     +....                    (boots currently unavailable)
Stlth  +.........               p - +2 amulet of reflection
                                G - ring of protection from cold
                                t - ring of positive energy

@: lethally poisoned (-3 -> -6), tree-form, repel missiles
A: permanent stasis, dig shafts and tunnels, four strong arms, (antennae 0)
a: Upheaval, Elemental Force, Renounce Religion


You were on level 10 of the Dungeon.
You worshipped Qazlal.
Qazlal was greatly pleased with you.
You were not hungry.
You were a tree.
You visited 1 branch of the dungeon, and saw 10 of its levels.

You collected 643 gold pieces.

Inventory:

Hand Weapons
 z - a +2 quarterstaff of chaos (weapon)
Armour
 c - a +0 shield (worn)
 A - a +0 cloak (melded)
 T - a +0 plate armour (melded)
Jewellery
 p - a +2 amulet of reflection (around neck)
 t - a ring of positive energy (left branch)
 w - an uncursed amulet of guardian spirit
 G - a ring of protection from cold (right branch)
 O - an uncursed ring of stealth
Wands
 j - a wand of iceblast (7/15)
 x - a wand of hasting (4/9)
 C - a wand of paralysis (12/24)
 I - a wand of paralysis (7/24)
 K - a wand of acid (9/15)
 L - a wand of flame (18/48)
 R - a wand of flame (36/48)
Scrolls
 e - 7 scrolls of remove curse {unknown}
 g - a scroll of immolation {unknown}
 i - 7 scrolls of identify
 n - 2 scrolls of enchant armour
 o - a scroll of blinking {unknown}
 q - a scroll of noise {unknown}
 r - 5 scrolls of teleportation
 u - a scroll of magic mapping {unknown}
 H - a scroll of fear {unknown}
 J - 4 scrolls of amnesia {unknown}
Potions
 a - a potion of lignification
 d - 4 potions of might
 k - a potion of resistance
 m - a potion of magic
 s - 4 potions of haste
 v - a potion of brilliance {unknown}
 D - a potion of ambrosia {unknown}
 F - 3 potions of mutation
 N - a potion of flight
 S - a potion of curing {unknown}
Books
 l - a book of Changes

   Spells                             Type                      Level
   a - Beastly Appendage              Transmutation                1
   b - Sticks to Snakes               Transmutation                2
   c - Spider Form                    Transmutation/Poison         3
   d - Ice Form                       Ice/Transmutation            4
   e - Blade Hands                    Transmutation                5
 y - a book of Misfortune

   Spells                             Type                      Level
   a - Confusing Touch                Hexes                        1
   b - Confuse                        Hexes                        3
   c - Gell's Gravitas                Hexes/Translocation          3
   d - Petrify                        Transmutation/Earth          4
   e - Metabolic Englaciation         Hexes/Ice                    5
   f - Yara's Violent Unravelling     Hexes/Transmutation          5
Comestibles
 f - 9 bread rations
 h - 5 meat rations
 B - 11 fruits
 E - 3 royal jellies
 M - 14 chunks of flesh
 Q - a beef jerky


   Skills:
 - Level 7.0 Fighting
 - Level 10.0 Staves
 - Level 10.0 Armour
 + Level 7.1 Dodging
 - Level 4.0 Shields
 - Level 5.0 Invocations


You had 10 spell levels left.
You didn't know any spells.

Dungeon Overview and Level Annotations

Branches:
Dungeon (10/15)            Temple (0/1) D:7
   Lair: D:8-11         Orc: D:9-12

Altars:
Okawaru
Qazlal
Sif Muna
Trog
Yredelemnul


Innate Abilities, Weirdness & Mutations

You are under a permanent stasis effect.
You can dig through walls and to a lower floor.
Your four strong arms can wield two-handed weapons with a shield.
((You have a pair of large antennae on your head. (SInv)))


Message History

The killer bee stings you but does no damage.
The porcupine bites you but does no damage.
The porcupine barely misses you.
It was a potion of cure mutation.
It has a very clean taste.
You feel robust.
You feel agile. x2
* * * LOW HITPOINT WARNING * * *
You feel sick.
You kill the porcupine!
Qazlal accepts your kill.
The killer bee stings you but does no damage. x2
Your earth elemental barely misses the killer bee.
A phantom comes into view.
It was a potion of berserk rage.
You cannot go berserk while under stasis.
* * * LOW HITPOINT WARNING * * *
You feel sick. You block the killer bee's attack.
The adder bites you but does no damage.
The killer bee stings you but does no damage.
The porcupine bites you.
You die...

........... .......... {
.........W # #.
.......... #.. .#..
........... #.. ...
.........r§#####.. ##.#
.........S.y.#....##..#
...r....{#♣rE.........#
........##..§.........##
....(......§..###.......#
.............##
####....## .............#
#.###.## .........##..#
#.# ##.## .......#####÷#
##.# ##.# .......## ##.#
##.## ##. ..[.....###))#
###..# #.


You could see a phantom, a porcupine, a killer bee, an adder, a river rat and a
friendly earth elemental.

Vanquished Creatures
  Erica (D:9)
  A glowing orange brain (D:8)
  Pikel (D:9)
  The ghost of Lahna the Skirmisher, a novice GrBe of Trog (D:8)
  Maurice (D:9)
  3 yaks (D:10)
  A spriggan (D:7)
  2 porcupines (D:10)
  2 orc warriors
  8 ice beasts
  A sky beast (D:6)
  The ghost of Lahna the Covered, an amateur DDFi of Elyvilon (D:3)
  2 black bears (D:7)
  3 phantoms (D:7)
  A necrophage (D:7)
  4 ogres
  2 centaurs
  3 bullfrogs
  4 scorpions
  2 killer bees (D:10)
  A water moccasin skeleton (D:6)
  2 howler monkeys
  2 crimson imps
  A centaur zombie (D:8)
  4 gnoll shamans
  4 orc priests
  5 hounds
  A jelly (D:9)
  Crazy Yiuf (D:3)
  A centaur skeleton (D:4)
  A bullfrog skeleton (D:5)
  5 worker ants
  4 orc wizards
  A hound zombie (D:5)
  A worker ant zombie (D:8)
  31 gnolls
  10 adders
  2 oozes
  2 adder zombies
  An adder skeleton (D:6)
  3 worms
  7 leopard geckos
  29 orcs
  3 giant cockroaches
  8 goblins
  7 hobgoblins
  18 jackals
  6 quokkas
  5 bats
  2 frilled lizards
  9 kobolds
  A quokka skeleton (D:5)
  7 rats
  A plant (D:6)
230 creatures vanquished.

Vanquished Creatures (others)
  2 centaurs
  A bush (D:10)
  4 plants (D:10)
7 creatures vanquished.

Grand Total: 237 creatures vanquished

Notes
Turn   | Place    | Note
-------+----------+-------------------------------------------
     0 | D:1      | Lahna the Formicid Fighter began the quest for the Orb.
     0 | D:1      | Reached XP level 1. HP: 18/18 MP: 1/1
   285 | D:1      | Reached XP level 2. HP: 19/24 MP: 2/2
   968 | D:2      | Reached XP level 3. HP: 21/30 MP: 3/3
  1140 | D:2      | Reached XP level 4. HP: 37/37 MP: 4/4
  1843 | D:3      | Found an iron altar of Okawaru.
  1843 | D:3      | Found a bloodstained altar of Trog.
  1845 | D:3      | Found a basalt altar of Yredelemnul.
  1847 | D:3      | Found a deep blue altar of Sif Muna.
  1848 | D:3      | Found a stormy altar of Qazlal.
  1861 | D:3      | Became a worshipper of Qazlal Stormbringer
  1882 | D:3      | Reached XP level 5. HP: 38/42 MP: 5/5
  2072 | D:3      | Noticed Lahna's ghost (amateur DDFi)
  2090 | D:3      | Killed Lahna's ghost
  2090 | D:3      | Reached XP level 6. HP: 4/48 MP: 1/6
  2093 | D:3      | HP: 2/48 [kobold (2)]
  2539 | D:3      | Found a runed door.
  2543 | D:3      | Noticed Crazy Yiuf
  2553 | D:3      | Killed Crazy Yiuf
  2553 | D:3      | Reached skill level 5 in Staves
  3357 | D:5      | Entered Level 5 of the Dungeon
  3410 | D:5      | Reached XP level 7. HP: 54/54 MP: 7/7
  3541 | D:5      | Reached * piety under Qazlal
  3573 | D:5      | Reached skill level 5 in Fighting
  3981 | D:5      | Reached XP level 8. HP: 62/67 MP: 8/8
  4362 | D:6      | Reached ** piety under Qazlal
  4514 | D:6      | Reached XP level 9. HP: 23/72 MP: 9/9
  5446 | D:6      | Reached skill level 10 in Staves
  5715 | D:7      | Reached skill level 5 in Armour
  5735 | D:7      | Reached *** piety under Qazlal
  5894 | D:7      | Found a staircase to the Ecumenical Temple.
  6161 | D:7      | Reached XP level 10. HP: 72/79 MP: 10/10
  6337 | D:8      | Noticed Lahna's ghost (novice GrBe)
  6356 | D:8      | Killed Lahna's ghost
  6356 | D:8      | Reached skill level 1 in Dodging
  6428 | D:8      | Noticed a glowing orange brain
  6441 | D:8      | Killed a glowing orange brain
  6608 | D:8      | Reached skill level 10 in Armour
  6902 | D:9      | Noticed Maurice
  6936 | D:9      | Killed Maurice
  7026 | D:9      | Reached skill level 5 in Invocations
  7039 | D:9      | Noticed Erica
  7044 | D:9      | Reached **** piety under Qazlal
  7048 | D:9      | Killed Erica
  7048 | D:9      | Reached XP level 11. HP: 75/84 MP: 14/14
  7154 | D:9      | Noticed Pikel
  7166 | D:9      | Killed Pikel
  7166 | D:9      | Reached skill level 5 in Dodging
  7247 | D:10     | Entered Level 10 of the Dungeon
  7385 | D:10     | Gained mutation: You are clumsy. (Dex -2) [potion of mutation]
  7385 | D:10     | Gained mutation: You are frail. (-10% HP) [potion of mutation]
  7385 | D:10     | Gained mutation: You are very clumsy. (Dex -4) [potion of mutation]
  7387 | D:10     | HP: 5/112 [poisoned by a killer bee]
  7388 | D:10     | Lost mutation: You are frail. (-10% HP) [potion of cure mutation]
  7388 | D:10     | Lost mutation: You are very clumsy. (Dex -4) [potion of cure mutation]
  7388 | D:10     | Lost mutation: You are clumsy. (Dex -2) [potion of cure mutation]
  7389 | D:10     | Slain by a porcupine

Skill      XL: |  1  2  3  4  5  6  7  8  9 10 11 |
---------------+----------------------------------+-----
Staves         | 3 4 6 8 10 | 10.0
Fighting       | 4 7 |  7.0
Shields        | 4 |  4.0
Armour         | 4 7 10 | 10.0
Dodging        | 4 7 |  7.1
Invocations    | 5 |  5.0

Action                   |  1- 3 |  4- 6 |  7- 9 | 10-12 || total
-------------------------+-------+-------+-------+-------++-------
Melee: Quarterstaff      |    70 |   147 |   282 |   207 ||   706
       Unarmed           |       |       |       |    10 ||    10
Invok: Elemental Force   |       |       |       |     1 ||     1
  Use: Scroll            |     3 |     4 |       |       ||     7
       Potion            |       |     1 |     1 |     5 ||     7
 Stab: Petrifying        |       |       |     3 |       ||     3
       Paralysed         |       |       |     1 |     3 ||     4
       Confused          |       |       |     1 |     1 ||     2
       Petrified         |       |       |       |     3 ||     3
  Eat: Chunk             |     1 |     7 |     9 |     4 ||    21
Armor: Scale mail        |    29 |    60 |    53 |    16 ||   158
       Plate armour      |       |       |       |    51 ||    51
       Skin              |       |       |       |     6 ||     6
Dodge: Dodged            |    15 |    56 |    63 |    41 ||   175
       Deflected         |       |       |       |     1 ||     1
Block: Shield            |    27 |    97 |   176 |   153 ||   453
       Reflection        |       |       |       |     8 ||     8
